 Dungeon Crawl Stone Soup version 0.22-a0-292-g0df9d5f (webtiles) character file.

1286 Amnesiac the Zephyrmancer (level 8, -1/41 HPs)
             Began as a Tengu Air Elementalist on Mar 23, 2018.
             Was a Believer of Sif Muna.
             Slain by a hippogriff (8 damage)
             ... on level 5 of the Dungeon.
             The game lasted 00:05:44 (4760 turns).

Amnesiac the Zephyrmancer (Tengu Air Elementalist)  Turns: 4760, Time: 00:05:45

Health: -1/41      AC:  3    Str:  8    XL:     8   Next: 55%
Magic:  17/17      EV: 14    Int: 17    God:    Sif Muna [**....]
Gold:   268        SH:  0    Dex: 16    Spells: 12/17 levels left

rFire    . . .     SeeInvis .   d - +1 dagger (venom)
rCold    . . .     Gourm    .   (no shield)
rNeg     . . .     Faith    .   a - +0 robe
rPois    .         Spirit   .   (helmet restricted)
rElec    .         Reflect  .   n - +0 cloak
rCorr    .         Harm     .   (no gloves)
MR       +....                  (boots unavailable)
Stlth    ++........             (no amulet)
HPRegen  0.13/turn              h - ring of protection from magic
MPRegen  0.15/turn              u - ring of flight

@: divine energy
A: beak, talons 3, able to fly 1
a: Fly, Stop Divine Energy, Renounce Religion, Evoke Flight


You were on level 5 of the Dungeon.
You worshipped Sif Muna.
Sif Muna was pleased with you.
You were not hungry.

You visited 1 branch of the dungeon, and saw 6 of its levels.

You collected 268 gold pieces.

Inventory:

Hand Weapons
 d - a +1 dagger of venom (weapon)
Armour
 a - a +0 robe (worn)
 n - a +0 cloak (worn)
Jewellery
 h - a ring of protection from magic (left hand)
 u - a ring of flight (right hand)
Wands
 s - a wand of iceblast (11)
 v - a wand of acid (4)
Scrolls
 b - 2 scrolls of amnesia {!r, unknown}
 f - 3 scrolls of magic mapping {!r, unknown}
 i - 3 scrolls of remove curse {!r, unknown}
 l - a scroll of noise {!r, unknown}
 m - a scroll of fear {!r, unknown}
 o - 2 scrolls of teleportation {!r, unknown}
 y - a scroll of identify {!r, unknown}
Potions
 e - a potion of degeneration {!q, unknown}
 g - 4 potions of curing {!q, unknown}
 j - a potion of brilliance {!q, unknown}
 k - a potion of lignification {!q, unknown}
 p - a potion of haste {!q, unknown}
 q - a potion of ambrosia {!q, unknown}
 r - a potion of invisibility {!q, unknown}
 t - a potion of agility {!q, unknown}
 w - 2 potions of heal wounds {!q, unknown}
Comestibles
 c - 2 rations
 x - 3 chunks of flesh


   Skills:
 - Level 3.5 Dodging
 - Level 2.0 Stealth
 + Level 5.4 Spellcasting
 - Level 1.3 Conjurations
 * Level 11.0 Air Magic


You had 12 spell levels left.
You knew the following spells:

 Your Spells              Type           Power        Failure   Level  Hunger
a - Airstrike             Air            #####.....   1%          4    ####...
d - Shock                 Conj/Air       ####         1%          1    None


Dungeon Overview and Level Annotations

Branches:
Dungeon (6/15)
 Temple: D:4-7

Altars:
Okawaru
Sif Muna
Trog
Wu Jian

Shops:
D:4 (

Annotations:
D:5 1 transporter


Innate Abilities, Weirdness & Mutations

You have a beak for a mouth.
You have claws for feet.
You can fly.


Message History

Eating one of 2 chunks of flesh.
You eat one of the 2 chunks of flesh.
This raw flesh tastes terrible.
x - a chunk of flesh
There is a stone staircase leading down here.
A worker ant comes into view.
Found a scroll labeled VESSIX MI GYH.
A worker ant is nearby!
A worker ant is nearby!
Casting: Airstrike (safe; 1% risk of failure)
Confirm with . or Enter, or press ? or * to list all spells.
Aiming: Airstrike (safe; 1% risk of failure)
Press: ? - help, Dir - move target cursor, f - worker ant
Aim: a worker ant (resting)
The air twists around and strikes the worker ant!
The worker ant twitches its antennae in your direction.
The worker ant is heavily wounded.
Casting: Airstrike (safe; 1% risk of failure)
Confirm with . or Enter, or press ? or * to list all spells.
Aiming: Airstrike (safe; 1% risk of failure)
Press: ? - help, Dir - move target cursor, f/p - worker ant
Aim: a worker ant (heavily wounded)
The air twists around and strikes the worker ant!
You kill the worker ant!
Sif Muna accepts your kill.
Your Air Magic skill increases to level 11!
You are feeling hungry.
Casting: Airstrike (safe; 1% risk of failure)
Confirm with . or Enter, or press ? or * to list all spells.
You can't see any susceptible monsters within range! (Use Z to cast anyway.)
You see here a worker ant corpse.
You butcher the worker ant corpse.
x - 4 chunks of flesh (gained 3)
y - a scroll labeled VESSIX MI GYH {!r} Eating one of 4 chunks of flesh.
You eat one of the 4 chunks of flesh.
This raw flesh tastes terrible.
Magic restored.
There is a stone staircase leading up here.
You climb upwards.
Level annotation: 2 transporters
There is a stone staircase leading down here.
HP restored.
Partly explored, unvisited transporter.
Partly explored, unvisited transporter.
Partly explored, unvisited transporter.
Partly explored, unvisited transporter.
Partly explored, unvisited transporter.
Partly explored, unvisited transporter.
Magic restored.
The iguana hisses angrily.
The frilled lizard hisses angrily.
The slime creature jiggles.
The hippogriff screeches!
There is a transporter here.
You enter the transporter and appear at another place.
The slime creature hits you!!
The frilled lizard completely misses you.
The slime creature hits you.
* * * LOW HITPOINT WARNING * * *
The hippogriff bites you.
* * * LOW HITPOINT WARNING * * *
The hippogriff completely misses you. The hippogriff claws you!
* * * LOW HITPOINT WARNING * * *
The hippogriff bites you!
You die...

##.....## #.......#
#.......#
#......(##############
####.....###...........##
...[[....##..#########..#
###.......#.##...©...##.#
#...........#8.......8#.#
#.#.........#$?.@.....#.##
#.##.....#..#)(lJHW...#(.##
...........©#_$...l©..#©..#
##########..#.).......#...#
#..#$(.......#.#.#
####..#8.......8#...#
#######.....##.......##..##
#.......###..#########...#
..####### ##.[.........#.#


You could see a slime creature, a hippogriff, a wraith, an iguana and a frilled
lizard.

Vanquished Creatures
  Grinder (D:5)
  Prince Ribbit (D:5)
  A sky beast (D:5)
  A phantom (D:5)
  An ogre (D:4)
  A scorpion (D:5)
  4 crimson imps (D:6)
  A howler monkey (D:6)
  A hound (D:5)
  A bullfrog skeleton (D:5)
  An orc wizard (D:5)
  A centaur skeleton (D:4)
  Crazy Yiuf (D:2)
  An iguana (D:4)
  3 worker ants
  3 gnolls (D:3)
  8 adders
  4 worms
  4 dart slugs
  3 leopard geckos
  5 orcs
  3 hobgoblins
  7 jackals
  9 bats
  3 frilled lizards
  7 goblins
  4 kobolds
  5 rats
85 creatures vanquished.

Notes
Turn   | Place    | Note
-------+----------+-------------------------------------------
     0 | D:1      | Amnesiac the Tengu Air Elementalist began the quest for the Orb.
     0 | D:1      | Reached XP level 1. HP: 10/10 MP: 4/4
   250 | D:1      | Reached XP level 2. HP: 15/15 MP: 0/6
  1013 | D:2      | Reached XP level 3. HP: 11/19 MP: 5/7
  1132 | D:2      | Reached skill level 5 in Air Magic
  1645 | D:2      | Reached XP level 4. HP: 24/24 MP: 2/8
  1651 | D:2      | Learned a level 4 spell: Airstrike
  1718 | D:2      | Found a runed door.
  1969 | D:2      | Noticed Crazy Yiuf
  1975 | D:2      | Killed Crazy Yiuf
  2210 | D:3      | Found an ornate altar of the Wu Jian Council.
  2227 | D:3      | Reached skill level 6 in Air Magic
  2227 | D:3      | Gained mutation: You can fly. [Tengu growth]
  2227 | D:3      | Reached XP level 5. HP: 26/28 MP: 3/10
  3071 | D:4      | Found a deep blue altar of Sif Muna.
  3164 | D:4      | Became a worshipper of Sif Muna the Loreminder
  3177 | D:4      | Noticed an ogre
  3192 | D:4      | Killed an ogre
  3192 | D:4      | Reached skill level 7 in Air Magic
  3192 | D:4      | Reached XP level 6. HP: 29/32 MP: 0/12
  3461 | D:4      | You fall through a shaft for 2 floors!
  3470 | D:6      | Found an iron altar of Okawaru.
  3589 | D:6      | Reached skill level 8 in Air Magic
  3589 | D:6      | Reached XP level 7. HP: 36/36 MP: 3/13
  3623 | D:6      | Reached * piety under Sif Muna
  3804 | D:5      | Entered Level 5 of the Dungeon
  3864 | D:5      | Reached skill level 9 in Air Magic
  4062 | D:5      | Noticed Grinder
  4069 | D:5      | Paralysed by Grinder for 4 turns
  4077 | D:5      | Killed Grinder
  4077 | D:5      | Reached skill level 10 in Air Magic
  4077 | D:5      | Reached XP level 8. HP: 23/41 MP: 2/16
  4137 | D:5      | Noticed Prince Ribbit
  4141 | D:5      | Killed Prince Ribbit
  4141 | D:5      | Reached ** piety under Sif Muna
  4141 | D:5      | Reached skill level 5 in Spellcasting
  4373 | D:4      | Found Jazakhos's Weapon Emporium.
  4412 | D:5      | Found a bloodstained altar of Trog.
  4412 | D:5      | Noticed a slime creature
  4417 | D:5      | Found a transporter.
  4503 | D:5      | Noticed a hippogriff
  4506 | D:5      | Found a transporter.
  4515 | D:5      | Noticed a wraith
  4662 | D:6      | Reached skill level 11 in Air Magic
  4760 | D:5      | Slain by a hippogriff

Vault maps used:
D:1:      dpeg_arrival_rooms_a
D:2:      uniq_crazy_yiuf_cottage
D:3:      old_standard_altar, minmay_crystal_water
D:4:      kennysheep_mini_moat, serial_shops, kennysheep_little_box
D:5:      gammafunk_temple_overflow_arena, first_ration,
          hangedman_abyss_or_decor_lesser_grid, uniq_prince_ribbit1,
          uniq_grinder
D:6:      old_standard_altar, uniq_eustachio

Skill      XL: |  1  2  3  4  5  6  7  8 |
---------------+-------------------------+-----
Air Magic      | 5 6 7 8 10 11 | 11.0
Dodging        | 3 |  3.5
Spellcasting   | 3 4 5 |  5.4
Stealth        | |  2.0
Conjurations   | |  1.3

Action                   |  1- 3 |  4- 6 |  7- 9 || total
-------------------------+-------+-------+-------++-------
Melee: Unarmed           |     9 |       |       ||     9
       Peck              |     5 |     5 |     1 ||    11
       Kick              |     4 |    10 |     3 ||    17
       Dagger            |    10 |    37 |    21 ||    68
 Cast: Shock             |    69 |    47 |       ||   116
       Airstrike         |       |    10 |    33 ||    43
Invok: Divine Energy     |       |       |     1 ||     1
Evoke: Wand              |       |       |     2 ||     2
 Stab: Sleeping          |       |     3 |     1 ||     4
  Eat: Chunk             |     3 |     8 |    10 ||    21
Armor: Robe              |     4 |     6 |     6 ||    16
Dodge: Dodged            |    11 |    25 |    18 ||    54

Table legend:
 A = Spawn XP
 B = Non-spawn XP
 C = Spawn XP percentage of total XP
 D = Spawn monster count
 E = Non-spawn monster count
 F = Spawn count percentage of total count
 G = Total turns spent on level
                    A         B        C        D         E        F      G
               +---------+---------+-------+---------+---------+-------+---------
         Total |       0 |    1838 |   0.0 |       0 |      85 |   0.0 |  4760
               +---------+---------+-------+---------+---------+-------+---------
           D:1 |       0 |      28 |   0.0 |       0 |      17 |   0.0 |   992
           D:2 |       0 |     104 |   0.0 |       0 |      19 |   0.0 |  1126
           D:3 |       0 |      97 |   0.0 |       0 |      15 |   0.0 |   942
           D:4 |       0 |     243 |   0.0 |       0 |       9 |   0.0 |   522
           D:5 |       0 |    1059 |   0.0 |       0 |      17 |   0.0 |   766
           D:6 |       0 |     307 |   0.0 |       0 |       8 |   0.0 |   412
               +---------+---------+-------+---------+---------+-------+---------
